Map: Blueshift LE

Players

GREED - Winner!

  • Race: Protoss Protoss
  • League: Master
  • Spawn Location: 7:00

UpATree

  • Race: Terran Terran
  • League: Master
  • Spawn Location: 1:00

VOD

Have the link to the VOD?

Description

Time

  • Played on: Jan. 4, 2019, 1:56 a.m.
  • Length: 9:12
Show
View Real Time Build Order
Export as new Build Order

GREED Protoss - Winner!

Build Orders:  

Get SALT Encoding   

  1  0:00  Probe  
  12  0:05  Probe  
  14  0:17  Pylon  
  14  0:21  Probe  
  15  0:35  Probe  
  16  0:36  Gateway  
  16  0:47  Probe  
  17  0:54  Assimilator  
  17  0:56  Probe  
  17  0:59  Assimilator  
  18  1:04  Probe  
  18  1:06  Pylon  
  19  1:14  Probe  
  19  1:17  Gateway  
  20  1:26  Cybernetics Core  
  20  1:29  Probe  
  21  1:41  Probe  
  22  1:48  Warp Gate  
  22  1:53  Probe  
  23  2:04  Stalker x2  
  27  2:27  Gateway  
  27  2:29  Gateway  
  27  2:34  Stalker  
  27  2:35  Stalker  
  31  2:54  Pylon  
  31  2:56  Pylon  
  30  3:19  Probe  
  31  3:23  Sentry x2  
  35  3:27  Robotics Facility  
  35  3:28  Adept  
  35  3:29  Adept  
  39  4:04  Probe  
  40  4:11  Nexus  
  40  4:12  Probe, Pylon  
  40  4:14  Warp Prism  
  43  4:24  Sentry x2  
  45  4:30  Probe  
  48  4:42  Pylon  
  48  4:45  Stargate  
  48  4:47  Probe  
  49  5:01  Probe  
  49  5:05  Observer  
  51  5:12  Probe  
  51  5:20  Probe  
  52  5:26  Probe  
  53  5:30  Probe  
  53  5:31  Immortal  
  53  5:34  Probe, Phoenix  
  61  5:40  Forge  
  62  5:43  Probe  
  62  5:46  Twilight Council  
  63  5:52  Probe  
  64  6:04  Protoss Ground Weapons Level 1  
  60  6:07  Immortal  
  60  6:09  Probe x2  
  60  6:21  Probe  
  60  6:22  Probe  
  56  6:29  Charge  
  54  6:33  Probe  
  54  6:34  Probe, Gateway  
  54  6:36  Gateway  
  56  6:41  Gateway  
  56  6:46  Gateway  
  56  6:47  Pylon  
  56  6:52  Immortal  
  60  7:05  Zealot x4  
  68  7:26  Sentry  
  68  7:28  Sentry  
  68  7:29  Zealot x3  
  78  7:36  Nexus, Pylon  
  78  7:39  Pylon  
  78  7:40  Pylon x2  
  78  7:55  Warp Prism  
  76  8:04  Zealot x3  
  82  8:17  Zealot  
  82  8:18  Zealot x3  
  82  8:19  Sentry  
  92  8:33  Nexus  
  76  9:06  Zealot x3  
  76  9:07  Zealot x4  
Show
View Real Time Build Order
Export as new Build Order

UpATree Terran 

Build Orders: Reaper Expand 

Get SALT Encoding   

  12  0:00  SCV  
  13  0:13  SCV  
  14  0:19  Supply Depot  
  14  0:25  SCV  
  15  0:40  SCV  
  15  0:41  Barracks  
  16  0:45  Refinery  
  16  0:52  SCV  
  17  1:04  SCV  
  18  1:16  SCV  
  19  1:32  Reaper  
  19  1:34  Orbital Command  
  20  1:46  Supply Depot  
  20  1:49  Command Center  
  20  1:58  Bunker  
  20  2:03  SCV  
  21  2:09  Marine  
  22  2:18  Engineering Bay  
  22  2:22  SCV  
  23  2:27  Marine  
  24  2:34  Factory  
  24  2:40  SCV  
  25  2:46  Marine  
  26  2:52  SCV  
  26  2:53  Refinery  
  26  2:57  Bunker  
  27  3:07  Marine  
  27  3:09  Orbital Command  
  27  3:17  SCV, Factory Tech Lab  
  27  3:25  Marine  
  27  3:35  SCV  
  27  3:36  Cyclone  
  31  3:46  Marine  
  32  3:49  SCV  
  32  3:52  Supply Depot  
  32  3:55  Mag-Field Accelerator  
  33  4:03  SCV  
  33  4:05  SCV  
  33  4:08  Cyclone  
  38  4:16  Marine  
  39  4:17  SCV  
  39  4:23  SCV  
  41  4:35  Supply Depot, Marine  
  41  4:36  Supply Depot  
  41  4:37  Starport  
  42  4:45  Supply Depot  
  45  4:53  SCV  
  45  5:01  Siege Tank  
  46  5:09  Orbital Command  
  45  5:14  Barracks  
  45  5:17  Starport Reactor  
  45  5:25  Barracks  
  45  5:27  SCV  
  46  5:32  Barracks Reactor  
  46  5:38  SCV  
  47  5:50  SCV, Siege Tank  
  51  5:57  Orbital Command  
  44  6:13  Marine  
  44  6:14  Barracks Tech Lab  
  43  6:28  Siege Tank  
  46  6:35  SCV x2  
  46  6:37  Starport Reactor  
  46  6:38  Supply Depot  
  46  6:39  Supply Depot  
  48  6:40  Barracks  
  48  6:41  Barracks  
  48  6:42  Marine x3  
  48  6:43  Stimpack, Marine x2  
  53  6:47  SCV  
  53  6:51  Refinery  
  54  7:00  SCV  
  55  7:06  Supply Depot  
  55  7:07  Engineering Bay, Marine x4  
  55  7:08  Siege Tank  
  62  7:09  SCV  
  62  7:11  Marine  
  62  7:12  SCV  
  65  7:20  Medivac  
  65  7:21  Medivac  
  65  7:22  SCV  
  70  7:26  Marine x2  
  70  7:29  SCV  
  73  7:34  Marine x2, Barracks Tech Lab  
  73  7:35  Barracks Tech Lab  
  75  7:39  Refinery  
  75  7:44  SCV  
  75  7:45  SCV  
  77  7:52  Marine  
  77  7:53  Marine x4  
  77  7:58  SCV  
  83  7:59  Marine x2  
  83  8:03  SCV  
  83  8:10  SCV, Marine  
  83  8:12  Siege Tank, Marine  
  86  8:31  Supply Depot x2, Marine  
  86  8:32  Supply Depot  
  87  8:37  Marine x2  
  87  8:41  Supply Depot  
  89  8:44  Marine x2  
  89  8:46  SCV  
  85  8:54  Marine  
Tags
 
Add a new tag
Caveats
  • Supply blocks, unpowered buildings, or Contaminate may cause inaccurate times.
  • Supply counts are checked every 10 seconds.